MLB
CINCINNATI REDS @ CLEVELAND GUARDIANS
09/25/2048
 
TOP OF THE 1ST
Cincinnati Reds batting - Pitching for Cleveland Guardians : RHP Risto Pandev
Pitching: RHP Risto Pandev
Batting: LHB Ricky Ayon 0-0: Ball
1-0: Ground out 4-3 (Groundball, 4, EV 101.9 MPH)
Batting: SHB Dave Barefoot 0-0: Swinging Strike
0-1: Swinging Strike
0-2: Strikes out looking
Batting: SHB Jun Tsuda 0-0: Ball
1-0: Ball
2-0: SOLO HOME RUN (Flyball, 8LXD, EV 110.0 MPH), Distance : 425 ft
Batting: LHB Chris Grunwald 0-0: Ball
1-0: Ball
2-0: Ball
3-0: Called Strike
3-1: Base on Balls
Batting: RHB Fred Slade 0-0: Ball
1-0: Ball
2-0: Called Strike
2-1: Called Strike
2-2: Fly out, F8 (Line Drive, 8RM, EV 102.5 MPH)
Top of the 1st over - 1 run, 1 hit, 0 errors, 1 left on base; Cincinnati 1 - Cleveland 0
BOTTOM OF THE 1ST
Cleveland Guardians batting - Pitching for Cincinnati Reds : RHP Timmy John Aaron-Lee Frank Silveira
Pitching: RHP Timmy John Aaron-Lee Frank Silveira
Batting: LHB Arvin Dungca 0-0: Ball
1-0: Foul Ball, location: 2F
1-1: SINGLE (Groundball, 34D, EV 110.0 MPH)
Batting: LHB Hector Pedroso 0-0: Ball
1-0: SINGLE (Line Drive, 34D, EV 101.2 MPH)
Arvin Dungca to second
Batting: RHB Nick Ogle 0-0: Ball
1-0: Fly out, F7 (Flyball, 7, EV 91.2 MPH)
Batting: LHB Danny Dunham 0-0: Ball
1-0: Grounds into double play, 4-6-3 (Groundball, 34D, EV 87.5 MPH)
Bottom of the 1st over - 0 runs, 2 hits, 0 errors, 1 left on base; Cincinnati 1 - Cleveland 0
TOP OF THE 2ND
Cincinnati Reds batting - Pitching for Cleveland Guardians : RHP Risto Pandev
Batting: RHB Steve Castleberry 0-0: Ball
1-0: Ball
2-0: Called Strike
2-1: Foul Ball, location: 2F
2-2: SOLO HOME RUN (Flyball, 78XD, EV 108.8 MPH), Distance : 425 ft
Batting: RHB Willie Lazcano 0-0: Ball
1-0: Ball
2-0: Swinging Strike
2-1: Foul Ball, location: 2F
2-2: Foul Ball, location: 2F
2-2: Foul Ball, location: 2F
2-2: Foul Ball, location: 2F
2-2: Ball
3-2: Base on Balls
Batting: RHB Joseph Kirchmann 0-0: Called Strike
0-1: Ball
1-1: Ball
2-1: Called Strike
2-2: Foul Ball, location: 2F
2-2: Strikes out swinging
Batting: RHB Omar Quintana 0-0: Foul Ball, location: 2F
0-1: Swinging Strike
0-2: Ball
1-2: Grounds into double play, 5-4-3 (Groundball, 5S, EV 93.1 MPH)
Top of the 2nd over - 1 run, 1 hit, 0 errors, 0 left on base; Cincinnati 2 - Cleveland 0
BOTTOM OF THE 2ND
Cleveland Guardians batting - Pitching for Cincinnati Reds : RHP Timmy John Aaron-Lee Frank Silveira
Batting: RHB Christian Blue 0-0: Fly out, F7 (Line Drive, 7, EV 91.9 MPH)
Batting: RHB Nick Sharp 0-0: Ball
1-0: Foul Ball, location: 2F
1-1: SINGLE (Groundball, 4MD, EV 95.6 MPH)
Batting: LHB Jack Bell 0-0: Swinging Strike
0-1: Called Strike
0-2: Ball
1-2: Ball
2-2: Ball
3-2: Strikes out swinging
Batting: RHB Aaron Matthews 0-0: Called Strike
0-1: Called Strike
0-2: Ball
1-2: 2-RUN HOME RUN (Flyball, 78XD, EV 103.1 MPH), Distance : 404 ft
Batting: RHB Rick O'Reilly 0-0: Ball
1-0: Swinging Strike
1-1: Ball
2-1: Ball
3-1: Base on Balls
Batting: LHB Arvin Dungca 0-0: Ball
1-0: DOUBLE (Line Drive, 78XD, EV 104.4 MPH)
Rick O'Reilly to third
Runner from 3rd tries for Home, SAFE, throw by LF to home
Batting: LHB Hector Pedroso 0-0: SINGLE (Groundball, 34S, EV 73.8 MPH) (infield hit)
Arvin Dungca to third
Batting: RHB Nick Ogle 0-0: 3-RUN HOME RUN (Flyball, 7LD, EV 93.8 MPH), Distance : 360 ft
Pitching: RHP Matt Flink
Batting: LHB Danny Dunham 0-0: Swinging Strike
0-1: Fly out, F7 (Flyball, 7S, EV 88.8 MPH)
Bottom of the 2nd over - 6 runs, 5 hits, 0 errors, 0 left on base; Cincinnati 2 - Cleveland 6
TOP OF THE 3RD
Cincinnati Reds batting - Pitching for Cleveland Guardians : RHP Risto Pandev
Batting: LHB Ricky Ayon 0-0: Called Strike
0-1: Ball
1-1: Called Strike
1-2: Strikes out swinging
Batting: SHB Dave Barefoot 0-0: Ball
1-0: Called Strike
1-1: Called Strike
1-2: Ball
2-2: Ball
3-2: Base on Balls
Batting: SHB Jun Tsuda 0-0: Called Strike
0-1: Called Strike
0-2: Ball
Dave Barefoot is caught stealing 2nd base 2-6
1-2: Foul Ball, location: 2F
1-2: Foul Ball, location: 2F
1-2: Foul Ball, location: 2F
1-2: Ball
2-2: Ball
3-2: Fly out, F8 (Flyball, 8LM, EV 81.9 MPH)
Top of the 3rd over - 0 runs, 0 hits, 0 errors, 0 left on base; Cincinnati 2 - Cleveland 6
BOTTOM OF THE 3RD
Cleveland Guardians batting - Pitching for Cincinnati Reds : RHP Matt Flink
Batting: RHB Christian Blue 0-0: Swinging Strike
0-1: Ball
1-1: Foul Ball, location: 2F
1-2: Strikes out swinging
Batting: RHB Nick Sharp 0-0: Called Strike
0-1: Called Strike
0-2: Ball
1-2: Strikes out swinging
Batting: LHB Jack Bell 0-0: Ball
1-0: Called Strike
1-1: SINGLE (Groundball, 4MD, EV 98.1 MPH)
Batting: RHB Aaron Matthews 0-0: SINGLE (Groundball, 34D, EV 95.0 MPH)
Jack Bell to second
Runner from 2nd tries for 3rd, SAFE, throw by RF made to third
Batting: RHB Rick O'Reilly 0-0: Ball
1-0: Fly out, F8 (Flyball, 8RD, EV 87.5 MPH)
Bottom of the 3rd over - 0 runs, 2 hits, 0 errors, 2 left on base; Cincinnati 2 - Cleveland 6
TOP OF THE 4TH
Cincinnati Reds batting - Pitching for Cleveland Guardians : RHP Risto Pandev
Batting: LHB Chris Grunwald 0-0: Called Strike
0-1: Ball
1-1: Ball
2-1: Ball
3-1: Foul Ball, location: 2F
3-2: Foul Ball, location: 2F
3-2: Base on Balls
Batting: RHB Fred Slade 0-0: Ball
1-0: Ball
2-0: Called Strike
2-1: Swinging Strike
2-2: Strikes out looking
Batting: RHB Steve Castleberry 0-0: Ball
1-0: Ball
2-0: Called Strike
2-1: Foul Ball, location: 2F
2-2: SINGLE (Groundball, 34D, EV 100.0 MPH)
Chris Grunwald to second
Runner from 2nd tries for 3rd, SAFE, throw by RF made to third
Batting: RHB Willie Lazcano 0-0: Called Strike
0-1: Foul Ball, location: 2F
0-2: Ball
1-2: Ball
2-2: Foul Ball, location: 2F
2-2: Strikes out looking
Steve Castleberry steals 2nd base
Batter strikes out.
Batting: RHB Joseph Kirchmann 0-0: Ball
1-0: Ball
2-0: Called Strike
2-1: Swinging Strike
2-2: Strikes out swinging
Top of the 4th over - 0 runs, 1 hit, 0 errors, 2 left on base; Cincinnati 2 - Cleveland 6
BOTTOM OF THE 4TH
Cleveland Guardians batting - Pitching for Cincinnati Reds : RHP Matt Flink
Batting: LHB Arvin Dungca 0-0: Foul Ball, location: 2F
0-1: Foul Ball, location: 2F
0-2: Ball
1-2: Foul Ball, location: 2F
1-2: Strikes out swinging
Batting: LHB Hector Pedroso 0-0: Called Strike
0-1: Ball
1-1: Ball
2-1: Ball
3-1: Called Strike
3-2: Fly out, F9 (Line Drive, 89S, EV 94.4 MPH)
Batting: RHB Nick Ogle 0-0: Called Strike
0-1: Foul Ball, location: 2F
0-2: Strikes out swinging
Bottom of the 4th over - 0 runs, 0 hits, 0 errors, 0 left on base; Cincinnati 2 - Cleveland 6
TOP OF THE 5TH
Cincinnati Reds batting - Pitching for Cleveland Guardians : RHP Risto Pandev
Batting: RHB Omar Quintana 0-0: Swinging Strike
0-1: Ball
1-1: Foul Ball, location: 2F
1-2: Reached on error, E3 (Groundball, 34S, EV 81.2 MPH)
Batting: LHB Ricky Ayon 0-0: Called Strike
0-1: DOUBLE (Line Drive, 7LM, EV 104.4 MPH)
Omar Quintana to third
Runner from 3rd tries for Home, throw by LF and OUT! 7-6-2
Ricky Ayon to third
Batting: SHB Dave Barefoot 0-0: Ball
1-0: Hit by Pitch
Batting: SHB Jun Tsuda 0-0: Foul Ball, location: 2F
0-1: Ball
1-1: Ball
2-1: Foul Ball, location: 2F
2-2: Foul Ball, location: 2F
2-2: Ground out 6-3 (Groundball, P, EV 83.8 MPH)
Ricky Ayon scores
Dave Barefoot to second
Pitching: LHP Mitch Lewis
Batting: LHB Chris Grunwald 0-0: Swinging Strike
0-1: Foul Ball, location: 2F
0-2: Ball
1-2: Ball
2-2: Ball
3-2: Strikes out swinging
Top of the 5th over - 1 run, 1 hit, 1 error, 1 left on base; Cincinnati 3 - Cleveland 6
BOTTOM OF THE 5TH
Cleveland Guardians batting - Pitching for Cincinnati Reds : RHP Matt Flink
Batting: LHB Danny Dunham 0-0: Ball
1-0: Foul Ball, location: 2F
1-1: Called Strike
1-2: Ball
2-2: Fly out, F2 (Popup, 2L, EV 91.9 MPH)
Batting: RHB Christian Blue 0-0: Ball
1-0: Ball
2-0: Called Strike
2-1: Swinging Strike
2-2: Strikes out swinging
Batting: RHB Nick Sharp 0-0: Called Strike
0-1: Ball
1-1: Swinging Strike
1-2: Ball
2-2: Foul Ball, location: 2F
2-2: Foul Ball, location: 2F
2-2: Strikes out swinging
Bottom of the 5th over - 0 runs, 0 hits, 0 errors, 0 left on base; Cincinnati 3 - Cleveland 6
TOP OF THE 6TH
Cincinnati Reds batting - Pitching for Cleveland Guardians : LHP Mitch Lewis
Batting: RHB Fred Slade 0-0: Swinging Strike
0-1: Fly out, F7 (Flyball, 7LSF, EV 85.6 MPH)
Batting: RHB Steve Castleberry 0-0: Ball
1-0: Ball
2-0: Ball
3-0: Called Strike
3-1: Swinging Strike
3-2: Foul Ball, location: 2F
3-2: Base on Balls
Batting: RHB Willie Lazcano 0-0: Ball
1-0: Called Strike
1-1: Ball
2-1: Swinging Strike
2-2: Foul Ball, location: 2F
2-2: Ball
3-2: 2-RUN HOME RUN (Flyball, 7D, EV 98.8 MPH), Distance : 379 ft
Batting: RHB Joseph Kirchmann 0-0: Ball
1-0: Foul Ball, location: 2F
1-1: Foul Ball, location: 2F
1-2: Foul Ball, location: 2F
1-2: Foul Ball, location: 2F
1-2: Ball
2-2: Ball
3-2: SINGLE (Line Drive, 9S, EV 106.9 MPH)
Batting: RHB Omar Quintana 0-0: Ball
1-0: Swinging Strike
1-1: Fly out, F8 (Flyball, 8LD, EV 96.2 MPH)
Pitching: RHP Drew Rickelman
Batting: LHB Ricky Ayon 0-0: Ball
1-0: Ball
2-0: Called Strike
Joseph Kirchmann is caught stealing 2nd base 2-6
Top of the 6th over - 2 runs, 2 hits, 0 errors, 0 left on base; Cincinnati 5 - Cleveland 6
BOTTOM OF THE 6TH
Cleveland Guardians batting - Pitching for Cincinnati Reds : RHP Matt Flink
Batting: LHB Jack Bell 0-0: Ball
1-0: Called Strike
1-1: Ground out 4-3 (Groundball, 4, EV 88.8 MPH)
Batting: RHB Aaron Matthews 0-0: Called Strike
0-1: Ball
1-1: Swinging Strike
1-2: Ball
2-2: Foul Ball, location: 2F
2-2: Strikes out looking
Batting: RHB Rick O'Reilly 0-0: Ball
1-0: Ball
2-0: Ball
3-0: Called Strike
3-1: DOUBLE (Line Drive, 7LS, EV 100.6 MPH)
Pitching: RHP Robbie Delgado
Batting: LHB Arvin Dungca 0-0: Called Strike
0-1: Ball
1-1: Ball
2-1: Fly out, F9 (Flyball, 89M, EV 88.1 MPH)
Bottom of the 6th over - 0 runs, 1 hit, 0 errors, 1 left on base; Cincinnati 5 - Cleveland 6
TOP OF THE 7TH
Cincinnati Reds batting - Pitching for Cleveland Guardians : RHP Drew Rickelman
Pitching: RHP Fomio Tashima
Now at 2B: Jasper Burd
Now in LF: Rick O'Reilly
Batting: LHB Ricky Ayon 0-0: Ball
1-0: Swinging Strike
1-1: Called Strike
1-2: Strikes out swinging
Batting: SHB Dave Barefoot 0-0: Foul Ball, location: 2F
0-1: Swinging Strike
0-2: Ball
1-2: Strikes out swinging
Batting: SHB Jun Tsuda 0-0: Ball
1-0: Called Strike
1-1: Ground out 3-1 (Groundball, 34S, EV 83.8 MPH)
Top of the 7th over - 0 runs, 0 hits, 0 errors, 0 left on base; Cincinnati 5 - Cleveland 6
BOTTOM OF THE 7TH
Cleveland Guardians batting - Pitching for Cincinnati Reds : RHP Robbie Delgado
Batting: RHB Jasper Burd 0-0: Called Strike
0-1: Ball
1-1: Ball
2-1: Ball
3-1: Base on Balls
Batting: RHB Nick Ogle 0-0: Called Strike
0-1: Ball
1-1: Swinging Strike
1-2: Strikes out looking
Batting: LHB Danny Dunham 0-0: Ball
1-0: Grounds into double play, 4-6-3 (Groundball, 4, EV 103.1 MPH)
Bottom of the 7th over - 0 runs, 0 hits, 0 errors, 0 left on base; Cincinnati 5 - Cleveland 6
TOP OF THE 8TH
Cincinnati Reds batting - Pitching for Cleveland Guardians : RHP Fomio Tashima
Now in LF: John Harring
Now in RF: Rick O'Reilly
Batting: LHB Chris Grunwald 0-0: Ball
1-0: Foul Ball, location: 2F
1-1: Foul Ball, location: 2F
1-2: Ball
2-2: Foul Ball, location: 2F
2-2: Foul Ball, location: 2F
2-2: Strikes out swinging
Batting: RHB Fred Slade 0-0: Swinging Strike
0-1: Ball
1-1: Ball
2-1: Ball
3-1: Called Strike
3-2: Base on Balls
Batting: RHB Steve Castleberry 0-0: Ball
1-0: Ball
2-0: Ball
3-0: Base on Balls
Fred Slade to second
Batting: RHB Willie Lazcano 0-0: Ball
1-0: Foul Ball, location: 2F
1-1: Ball
2-1: Swinging Strike
2-2: Ball
3-2: Grounds into double play, 6-4-3 (Groundball, 6, EV 90.0 MPH)
Top of the 8th over - 0 runs, 0 hits, 0 errors, 1 left on base; Cincinnati 5 - Cleveland 6
BOTTOM OF THE 8TH
Cleveland Guardians batting - Pitching for Cincinnati Reds : RHP Robbie Delgado
Batting: RHB Christian Blue 0-0: Ground out 4-3 (Groundball, 4, EV 100.0 MPH)
Batting: RHB Nick Sharp 0-0: Ball
1-0: Ground out 6-3 (Groundball, 6M, EV 83.1 MPH)
Batting: LHB Jack Bell 0-0: Ball
1-0: Ball
2-0: Ball
3-0: Base on Balls
Batting: RHB Aaron Matthews 0-0: Ball
1-0: Ball
Jack Bell steals 2nd base
2-0: Ground out 2-3 (Groundball, 15S, EV 69.4 MPH)
Bottom of the 8th over - 0 runs, 0 hits, 0 errors, 1 left on base; Cincinnati 5 - Cleveland 6
TOP OF THE 9TH
Cincinnati Reds batting - Pitching for Cleveland Guardians : RHP Fomio Tashima
Pitching: LHP Katsumi Omura
Batting: RHB Joseph Kirchmann 0-0: Called Strike
0-1: Ball
1-1: SINGLE (Line Drive, 8RS, EV 109.4 MPH)
Batting: RHB Omar Quintana 0-0: Ball
1-0: Swinging Strike
1-1: Ball
2-1: Fly out, F3 (Popup, 3SF, EV 86.2 MPH)
Batting: RHB Mike Alm 0-0: SINGLE (Groundball, 6MD, EV 108.1 MPH)
Joseph Kirchmann to second
Runner from 2nd tries for 3rd, SAFE, throw by CF made to third
Mike Alm to second
Batting: SHB Dave Barefoot 0-0: Called Strike
0-1: Ball
1-1: Foul Ball, location: 2F
1-2: Ball
2-2: Ground out 4-3 (Groundball, 4, EV 82.5 MPH)
Batting: SHB Jun Tsuda 0-0: Called Strike
0-1: Called Strike
0-2: Strikes out swinging
Top of the 9th over - 0 runs, 2 hits, 0 errors, 2 left on base; Cincinnati 5 - Cleveland 6
Tuesday, March 28th , 2023 - OOTP Baseball 23.10 Build 110